 Dungeon Crawl Stone Soup version 0.25.1-2-g60ff931df9 (webtiles) character file.

Game seed: 1722781695572695489

16 Huri the Covered (level 2, -5/19 HPs)
             Began as a Gargoyle Fighter on Nov 21, 2020.
             Slain by Sigmund
             ... wielding a +0 scythe
              (8 damage)
             ... on level 2 of the Dungeon.
             The game lasted 00:04:16 (1278 turns).

Huri the Covered (Gargoyle Fighter)                 Turns: 1278, Time: 00:04:17

Health: -5/19      AC: 13    Str: 19    XL:     2   Next: 54%
Magic:  2/2        EV:  7    Int:  8    God:
Gold:   60         SH:  9    Dex:  9    Spells: 1/1 levels left

rFire    . . .     SeeInvis .   a - +0 flail
rCold    . . .     Gourm    .   c - +0 kite shield
rNeg     + . .     Faith    .   o - +0 scale mail
rPois    ∞         Spirit   .   (no helmet)
rElec    +         Reflect  .   h - scarf {+Inv}
rCorr    .         Harm     .   (no gloves)
MR       .....                  (no boots)
Stlth    ..........             (no amulet)
HPRegen  0.06/turn              e - +4 ring of protection
MPRegen  0.08/turn              (no ring)

@: no status effects
A: negative energy resistance 1, electricity resistance, unbreathing,
petrification resistance, rot immunity, AC +2
a: Evoke Invisibility


You were on level 2 of the Dungeon.
You were not hungry.

You visited 1 branch of the dungeon, and saw 2 of its levels.

You collected 60 gold pieces.

Inventory:

Hand Weapons
 a - a +0 flail (weapon)
 b - a +0 hunting sling
Missiles
 g - 52 stones (quivered)
 n - 25 sling bullets
Armour
 c - a +0 kite shield (worn)
 h - a scarf of invisibility (worn)
 o - a +0 scale mail (worn)
Jewellery
 e - a +4 ring of protection (left hand)
Scrolls
 j - a scroll of amnesia {unknown}
 k - 2 scrolls of identify {unknown}
 m - a scroll of enchant armour {unknown}
Potions
 d - a potion of might
 i - a potion of degeneration {unknown}
 l - 2 potions of invisibility {unknown}
 p - a potion of brilliance {unknown}
Comestibles
 f - 2 rations


   Skills:
 + Level 3.6 Fighting
 + Level 2.1 Maces & Flails
 + Level 3.6 Armour
 + Level 0.1 Dodging
 - Level 3.4 Shields


You had one spell level left.
You didn't know any spells.
Your spell library was empty.

Dungeon Overview and Level Annotations

Branches:
Dungeon (2/15)

Altars:

Annotations:
D:2 Sigmund


Innate Abilities, Weirdness & Mutations

You are resistant to torment.
Your stone body is resilient. (AC +2)
You are immune to poison.
You resist negative energy. (rN+)
You are resistant to electric shocks. (rElec)
You can survive without breathing.
You are immune to petrification.
You are immune to rotting.


Message History

The hobgoblin hits you but does no damage.
You hit the hobgoblin.
You kill the hobgoblin!
Something hits you but does no damage. The adder closely misses you.
You hit the adder.
The adder is lightly wounded.
The adder bites you but does no damage. You block something's attack.
The adder bites you but does no damage.
You miss the adder.
The adder is lightly wounded.
The adder bites you but does no damage. Something hits you but does no damage.
You completely miss the adder.
The adder is lightly wounded.
The adder bites you but does no damage. The adder barely misses you.
Something hits you!
* * * LOW HITPOINT WARNING * * *
You hit the adder.
The adder is lightly wounded.
The adder bites you but does no damage. Something hits you!
You die...

############
...........#######
########.........#
.#
#.#.#####.#######
.# #.#.# #...%....
.# #.#.# #@#######
.# ##### #S# .#
......g{g......
.#####
#...#..g.####..
.....# #. #....#
###### #....#
##.... #...# #...#


You could see an adder, 2 hobgoblins and a goblin.

Vanquished Creatures
  A leopard gecko (D:1)
  A giant cockroach (D:1)
  A goblin (D:1)
  4 hobgoblins
  2 kobolds (D:1)
  A ball python (D:1)
  A bat (D:1)
  2 rats (D:1)
13 creatures vanquished.

Notes
Turn   | Place    | Note
-------+----------+-------------------------------------------
     0 | D:1      | Huri the Gargoyle Fighter began the quest for the Orb.
     0 | D:1      | Reached XP level 1. HP: 14/14 MP: 1/1
   450 | D:1      | Reached XP level 2. HP: 16/19 MP: 2/2
  1266 | D:2      | Noticed Sigmund
  1278 | D:2      | Slain by Sigmund

Illustrated notes

Levels and vault maps discovered:
D:1:      dpeg_arrival_rhombi, layout_basic
D:2:      minmay_recursive_quarters, layout_loops_ring, uniq_robin, uniq_sigmund

Action                   || total
-------------------------++-------
Melee: Flail             ||    49
 Fire: Hunting sling     ||     2
Throw: Stone             ||     8
  Eat: Chunk             ||     1
Armor: Scale mail        ||    23
Dodge: Dodged            ||    17
Block: Kite shield       ||    23
